 Dungeon Crawl Stone Soup version 0.30-a0-634-g8abc85282e (webtiles) character file.

Game seed: 4905895281428622462

328406 sokol815 the Conqueror (level 20, -2/206 (216) HPs)
             Began as a Minotaur Berserker on Jan 15, 2023.
             Was a High Priest of Trog.
             Killed from afar by a tengu reaver (29 damage)
             ... with a bolt of negative energy
             ... on level 5 of the Vaults.
             The game lasted 01:34:07 (42819 turns).

sokol815 the Conqueror (Minotaur Berserker)        Turns: 42819, Time: 01:34:07

HP:   -2/206 (216)  AC: 24    Str: 44    XL:     20   Next: 80%
MP:   19/19         EV: 12    Int:  9    God:    Trog [*****.]
Gold: 758           SH: 14    Dex: 10    Spells: 19/19 levels left

rFire   + + .      SeeInvis +    a - +7 broad axe (flame)
rCold   + . .      Faith    +    Z - +2 kite shield
rNeg    . . .      Spirit   .    S - +3 chain mail of the Moon Troll {rF+ Will++ SInv}
rPois   +          Reflect  .    i - +2 hat {Will+}
rElec   +          Harm     .    p - +2 cloak {rPois}
rCorr   .          Rampage  .    r - +0 pair of gloves of Houtucru {rElec Will- Str+7 SInv}
Will    +++++                    x - +2 pair of boots Stlth
                                 E - amulet of faith
HPRegen 1.54/turn                n - ring of Baantaaw {rF+ Will++ Str+3 Int+6}
MPRegen 0.16/turn                C - ring of protection from cold {rC+, !d}

@: about to teleport, strong-willed, corroded, regenerating, studying
Evocations, lightly drained
A: horns 2, retaliatory headbutt, talons 1, strong 1, MP-powered wands
}: 2/15 runes: serpentine, barnacled
a: Renounce Religion, Berserk, Trog's Hand, Brothers in Arms


You were on level 5 of the Vaults.
You worshipped Trog.
Trog was extremely pleased with you.
You visited 6 branches of the dungeon, and saw 35 of its levels.
You visited 1 bazaar.
You also visited: Sewer, Ossuary, Ice Cave and Volcano.

You collected 3837 gold pieces.
You spent 3079 gold pieces at shops.

Inventory:

Hand Weapons
 a - a +7 broad axe of flaming (weapon)
   (Trog gifted it to you on level 15 of the Dungeon)
 b - the +9 war axe of the Usurping Saviour {spect, rPois}
   (You found it on level 2 of the Snake Pit)

   rPois:     It protects you from poison.
 k - a +1 hand crossbow of flaming
   (You found it in a volcano)
 m - a +7 glaive
   (You took it off Urug on level 2 of the Lair of Beasts)
 V - a +1 battleaxe of flaming
   (Trog gifted it to you on level 13 of the Dungeon)
Missiles
 o - 48 boomerangs
 s - 14 boomerangs of dispersal {=f}
 u - 6 atropa-tipped darts
 z - a silver boomerang
 B - 25 javelins
Armour
 c - the +0 pair of gloves of the Thoughtful Suns {rPois Regen+}
   (You bought it in a shop on level 2 of the Orcish Mines)

   rPois:     It protects you from poison.
   Regen:     It increases your rate of health regeneration.
 i - a +2 hat of willpower (worn)
   (You bought it in a shop on level 2 of the Orcish Mines)
 l - a +3 scale mail of cold resistance
   (You found it on level 4 of the Vaults)
 p - a +2 cloak of poison resistance (worn)
   (You took it off Crazy Yiuf on level 3 of the Dungeon)
 r - the +0 pair of gloves of Houtucru (worn) {rElec Will- Str+7 SInv}
   (You found it in a volcano)

   Str:       It affects your strength (+7).
   rElec:     It insulates you from electricity.
   SInv:      It lets you see invisible.
   Will:      It decreases your willpower.
 x - a +2 pair of boots (worn)
   (You bought it in a shop on level 10 of the Dungeon)
 Q - the +3 pair of gauntlets of War {Slay+5}
   (You bought it in a shop in a bazaar)

   Slay:      It affects your accuracy & damage with ranged weapons and melee
   (+5).
 S - the +3 chain mail of the Moon Troll (worn) {rF+ Will++ SInv}
   (You took it off an orc on level 1 of the Orcish Mines)

   rF:        It protects you from fire.
   SInv:      It lets you see invisible.
   Will:      It greatly increases your willpower.
 Z - a +2 kite shield (worn)
   (You took it off a gnoll sergeant on level 9 of the Dungeon)
Jewellery
 n - the ring of Baantaaw (left hand) {rF+ Will++ Str+3 Int+6}
   (You found it on level 8 of the Dungeon)

   [ring of protection from fire]

   Str:       It affects your strength (+3).
   Int:       It affects your intelligence (+6).
   rF:        It protects you from fire.
   Will:      It greatly increases your willpower.
 C - a ring of protection from cold (right hand) {rC+, !d}
   (You found it in an ice cave)
 E - an amulet of faith (around neck)
   (You found it on level 4 of the Dungeon)
 F - a ring of protection from fire {rF+, !d}
   (You found it on level 2 of the Snake Pit)
 W - a ring of flight {+Fly, !d}
   (You found it on level 14 of the Dungeon)
Wands
 d - a wand of digging (12)
   (You found it on level 10 of the Dungeon)
 e - a wand of charming (27)
   (You found it on level 4 of the Dungeon)
 h - a wand of roots (45)
   (You found it on level 3 of the Dungeon)
 j - a wand of polymorph (29)
   (You found it on level 7 of the Dungeon)
 q - a wand of flame (29)
   (You found it on level 6 of the Dungeon)
 y - a wand of mindburst (20)
   (You found it on level 15 of the Dungeon)
 X - a wand of quicksilver (8)
   (You took it off Robin on level 2 of the Dungeon)
Scrolls
 f - 6 scrolls of fog
 v - 4 scrolls of poison
 D - 6 scrolls of blinking {!r}
 K - 5 scrolls of immolation {!r}
 O - a scroll of silence
 P - 22 scrolls of identify {@r1}
 Y - 13 scrolls of teleportation {@r3}
Potions
 t - 9 potions of attraction {!q}
 G - 11 potions of ambrosia {!q}
 H - 8 potions of haste
 I - a potion of invisibility
 J - 12 potions of curing {@q1}
 L - 7 potions of flight
 M - 8 potions of might
 N - 7 potions of heal wounds {@q2}
 R - 3 potions of resistance
 T - a potion of berserk rage {!q}
 U - 10 potions of mutation {!q}
Miscellaneous
 g - a tin of tremorstones (2/2)
   (You found it on level 1 of the Lair of Beasts)
 w - a phial of floods
   (You found it on level 1 of the Vaults)


   Skills:
 O Level 27 Fighting
 - Level 20.0 Axes
 + Level 16.7 Armour
 - Level 10.0 Dodging
 - Level 15.0 Shields
 * Level 16.2 Evocations


You had 19 spell levels left.
You didn't know any spells.
Your spell library was empty.

Dungeon Overview and Level Annotations

Branches:
Dungeon (15/15) Zot: 25362  Temple (0/1) D:5            Lair (5/5) D:10 Zot: 22572
 Shoals (4/4) Lair:3 Zot: 19086   Snake (4/4) Lair:2 Zot: 19778   Slime (0/5) Lair:5
    Orc (2/2) D:9 Zot: 10422     Elf (0/3) Orc:2        Vaults (5/5) D:14 Zot: 21705
  Crypt (0/3) Vaults:2     Depths (0/4) D:15          Sewer (visited)
Ossuary (visited)           IceCv (visited)         Volcano (visited)

Altars:
Dithmenos
Elyvilon
Gozag
Makhleb
Okawaru
Qazlal
Ru
Trog
Xom
The Shining One
Jiyva
Lugonu

Shops:
D:10 *   D:12 *   D:13 *   D:14 (:*   Orc:2 :([[*   Snake:2 *:

Portals:
Abyss: D:10

Annotations:
D:4 3 runed translucent doors, holysushi's ghost, amateur OpMo
D:8 2 runed translucent doors
D:10 2 runed translucent doors
D:14 2 transporters, Jocum's ghost, journeyman MiFi


Innate Abilities, Weirdness & Mutations

You have a pair of horns on your head.
You reflexively headbutt those who attack you in melee.
You have sharp toenails.
Your muscles are strong. (Str +4, Int/Dex -1)
You expend magic power (3 MP) to strengthen your wands.


Message History

Your +9 war axe of the Usurping Saviour {spect, rPois} fades away.
A tengu reaver comes into view. It is wielding a +0 dire flail.
You take 29 damage, and have 76/216 hp.
You hit the vault guard. You headbutt the vault guard!
Your +9 war axe of the Usurping Saviour {spect, rPois} hits the vault guard!
You kill the vault guard!
Trog accepts your kill.
Your +9 war axe of the Usurping Saviour {spect, rPois} hits the stone giant.
You slice the stone giant!! You headbutt the stone giant.
Your +9 war axe of the Usurping Saviour {spect, rPois} completely misses the stone giant.
Your +9 war axe of the Usurping Saviour {spect, rPois} hits the vault warden but does no damage.
You block the stone giant's attack.
The vault warden hits your +9 war axe of the Usurping Saviour {spect, rPois} with a +3 battleaxe of freezing!!
Your spectral weapon shares its damage with you!
The vault warden freezes your +9 war axe of the Usurping Saviour {spect, rPois}.
Your +9 war axe of the Usurping Saviour {spect, rPois} fades away.
You take 9 damage, and have 68/216 hp.
You slice the stone giant!!
You headbutt the stone giant, but do no damage.
Your +9 war axe of the Usurping Saviour {spect, rPois} completely misses the stone giant.
Your +9 war axe of the Usurping Saviour {spect, rPois} completely misses the vault warden.
You block the stone giant's attack.
The vault warden barely misses your +9 war axe of the Usurping Saviour {spect, rPois}.
You hit the stone giant. You headbutt the stone giant.
Your +9 war axe of the Usurping Saviour {spect, rPois} hits the stone giant!
Your +9 war axe of the Usurping Saviour {spect, rPois} barely misses the vault warden.
You regained 2 hp, and now have 71/216 hp.
You slice the stone giant!!
You kill the stone giant!
Trog accepts your kill.
The vault warden activates a sealing rune.
A titan comes into view.
Okay, then.
Your +7 broad axe of flaming bursts into flame!
a - a +7 broad axe of flaming (weapon)
You barely miss the vault warden. You block the vault warden's attack.
An ironbound preserver comes into view.
It is wielding a +0 mace and wearing a +2 buckler of resistance.
You closely miss the vault warden.
The ironbound preserver shouts!
You slash the vault warden! You burn the vault warden.
You slash the tengu reaver! You burn the tengu reaver.
The tengu reaver barely misses you. You furiously retaliate!
You headbutt the tengu reaver. The tengu reaver misses you.
The tengu reaver claws you but does no damage.
You block the vault warden's attack.
You slice the vault warden!! You burn the vault warden.
You hit the tengu reaver. You burn the tengu reaver.
The tengu reaver hits you with a +0 dire flail!
The tengu reaver pecks you but does no damage.
You block the tengu reaver's attack.
The vault warden hits you with a +3 battleaxe of freezing.
* * * LOW HITPOINT WARNING * * *
The vault warden freezes you.
* * * LOW HITPOINT WARNING * * *
You take 15 damage, and have 61/216 hp.
The titan gestures at you while chanting.
The bolt of lightning hits you! You resist.
* * * LOW HITPOINT WARNING * * *
An ironbound preserver comes into view. It is wielding a +0 great mace.
You block the tengu reaver's attack.
The tengu reaver pecks you but does no damage.
You block the tengu reaver's attack.
The ironbound preserver shouts!
You hear a shout! x8; You hear two shouts!
You hear a shout! x4; You hear two shouts!
You hear a shout!
You take 11 damage, and have 50/216 hp.
You closely miss the vault warden. You slice the tengu reaver!!
You burn the tengu reaver!
The vault warden hits you with a +3 battleaxe of freezing.
* * * LOW HITPOINT WARNING * * *
The vault warden freezes you.
* * * LOW HITPOINT WARNING * * *
The tengu reaver completely misses you. You furiously retaliate!
You headbutt the tengu reaver!! You block the tengu reaver's attack.
The tengu reaver claws you but does no damage.
You take 5 damage, and have 45/216 hp.
You feel much better.
The tengu reaver gestures at you while chanting.
The bolt of negative energy misses you.
A tentacled monstrosity comes into view.
The vault warden hits you with a +3 battleaxe of freezing!!
* * * LOW HITPOINT WARNING * * *
The vault warden freezes you.
* * * LOW HITPOINT WARNING * * *
You take 13 damage, and have 32/216 hp.
As you read the scroll of teleportation {@r3}, it crumbles to dust.
You feel strangely unstable.
The tengu reaver gestures at you while chanting.
The bolt of acid hits you!!
* * * LOW HITPOINT WARNING * * *
The acid corrodes you! You block the vault warden's attack.
The ironbound preserver hits you but does no damage.
You take 28 damage, and have 4/216 hp.
You feel much better.
The ironbound preserver hits you but does no damage.
The vault warden hits you with a +3 battleaxe of freezing.
* * * LOW HITPOINT WARNING * * *
The tengu reaver points at you and mumbles some strange words.
The bolt of negative energy hits you!!
You feel drained.
You die...

#........
#.........
#.........
#.........
#......X..
#........#
#(...p...#
#Cpp.....#
#Q@....⌠.#
#........#
#....#####
#....#
#....#
#....#
#...##
#...#
#...#


You could see a tentacled monstrosity, 2 ironbound preservers, a titan, a vault
warden and a tengu reaver.

Vanquished Creatures
  A dread lich (Vaults:4)
  Saint Roka (Snake:3)
  Xtahua (Vaults:3)
  Frances (D:13)
  A kraken (Shoals:4)
  2 sphinxes
  Polyphemus (Shoals:3)
  Kirke (Lair:4)
  A tengu reaver (Vaults:3)
  7 nagarajas (Snake:4)
  A deep elf sorcerer (Vaults:4)
  9 vault wardens
  Aizul (Snake:1)
  13 ironbound preservers
  4 orc warlords
  2 very ugly things (IceCv)
  2 war gargoyles (Vaults:1)
  4 stone giants
  8 ironbound thunderhulks
  A deep elf annihilator (D:13)
  7 dire elephants
  An entropy weaver (Vaults:3)
  A fire dragon (Lair:5)
  A crystal guardian (Vaults:4)
  4 merfolk impalers
  An ettin (Vaults:5)
  5 merfolk javelineers
  Snorg (Lair:5)
  Josephine (Shoals:1)
  5 great orbs of eyes
  3 hydras
  11 yaktaur captains
  8 ironbound frosthearts
  A rakshasa (D:15)
  A peacekeeper (Vaults:4)
  14 centaur warriors
  4 boulder beetles
  A caustic shrike simulacrum (IceCv)
  32 vault guards
  8 ogre magi
  6 catoblepae
  5 tengu warriors
  A merfolk avatar (Shoals:2)
  A dancing weapon (Volcano)
  Erica (D:10)
  2 merfolk aquamancers (Shoals:4)
  13 naga warriors
  2 satyrs
  2 death knights (D:13)
  7 anacondas
  An alligator snapping turtle (Shoals:4)
  24 two-headed ogres
  3 orc high priests (Orc:1)
  17 death yaks
  12 naga sharpshooters
  Urug (Lair:2)
  7 shock serpents
  A deep elf knight (Orc:1)
  Sonja (Orc:2)
  Lodul (D:12)
  4 salamander mystics
  8 skeletal warriors
  20 sea snakes
  A glowing orange brain (Vaults:2)
  A swamp dragon (Lair:5)
  33 deep trolls
  Pikel (D:6)
  2 naga ritualists
  3 orange crystal statues
  10 wizards
  5 lindwurms
  15 ironbound convokers
  3 phantasmal warriors
  8 harpies
  13 orc knights
  A deep elf zephyrmancer (Orc:1)
  2 mana vipers
  2 necromancers
  3 orc sorcerers
  10 manticores
  4 deep elf pyromancers
  9 salamanders
  28 ugly things
  13 fauns
  13 cyclopes
  A salamander (shapeshifter) (D:15)
  An eye of devastation (shapeshifter) (Vaults:5)
  9 elephants
  A guardian serpent (shapeshifter) (D:14)
  5 toenail golems (Volcano)
  3 torpor snails
  11 vault sentinels
  10 merfolk sirens
  15 naga magi
  33 black mambas
  6 water nymphs
  7 guardian serpents
  2 ice statues (Snake:1)
  A gargoyle (D:12)
  13 cane toads
  9 rime drakes
  Psyche (D:9)
  An unseen horror (D:12)
  4 kobold demonologists
  18 yaktaurs
  4 efreet
  4 freezing wraiths (IceCv)
  3 tengu conjurers
  3 anaconda simulacra (IceCv)
  8 komodo dragons
  A golden dragon simulacrum (IceCv)
  A queen bee (Lair:1)
  3 trolls
  4 wind drakes (Shoals:4)
  Prince Ribbit (D:5)
  25 merfolk
  A human skeleton (Vaults:1)
  8 blink frogs
  14 dream sheep
  5 snapping turtles
  A jumping spider (shapeshifter) (D:15)
  3 dire elephant simulacra (IceCv)
  A flying skull (Vaults:2)
  Sigmund (D:3)
  A centaur simulacrum (D:15)
  47 slime creatures
  An ettin skeleton (Vaults:1)
  7 wyverns
  A vampire (D:10)
  8 wraiths
  A shadow (D:13)
  Eustachio (D:5)
  3 basilisks
  43 yaks
  2 fire bats (Lair:2)
  A steam dragon (D:8)
  5 water elementals
  3 hogs (Lair:4)
  9 vampire mosquitoes
  Menkaure (D:5)
  3 wargs
  Duvessa (D:5)
  A harpy simulacrum (IceCv)
  11 water moccasins
  2 hydra simulacra (IceCv)
  3 acid dragons
  52 nagas
  21 orc warriors
  5 sky beasts
  An ogre skeleton (Vaults:1)
  An alligator simulacrum (IceCv)
  3 swamp drakes (Lair:5)
  An ice beast (D:8)
  7 black bears
  A black bear (shapeshifter) (D:14)
  4 ettin simulacra (IceCv)
  36 ogres
  10 wolves
  A centaur (D:7)
  3 phantoms
  15 bullfrogs
  2 kobold brigands (D:9)
  2 gnoll sergeants
  A necrophage (D:5)
  8 scorpions
  9 wights
  Dowan (D:5)
  25 killer bees
  3 howler monkeys
  2 lava snakes (Lair:3)
  2 centaur zombies (Ossuary)
  2 human zombies
  Crazy Yiuf (D:3)
  2 hounds
  A gnoll bouda (D:5)
  11 orc priests
  2 jellies (D:4)
  5 iguanas
  7 scorpion zombies (Ossuary)
  5 hell rats
  19 orc wizards
  3 mummies (Ossuary)
  Robin (D:2)
  7 adders
  12 gnolls
  6 river rats
  A shadow imp (D:7)
  2 white imps
  A worm (D:3)
  A dart slug (D:1)
  59 orcs
  19 ball pythons
  4 bats
  7 endoplasms
  6 giant cockroaches
  2 gnoll zombies (Ossuary)
  15 goblins
  7 hobgoblins
  7 jackals (D:4)
  8 quokkas
  6 frilled lizards
  3 hobgoblin zombies (Ossuary)
  15 kobolds
  3 kobold zombies (Ossuary)
  An orc zombie (Ossuary)
  31 rats
  A plant (Snake:3)
  A tentacle (Shoals:4)
1389 creatures vanquished.

Vanquished Creatures (collateral kills)
  A merfolk impaler (Shoals:1)
  4 hydras
  2 boulder beetles
  A shock serpent (Snake:4)
  2 manticores
  A merfolk siren (Shoals:1)
  A guardian serpent (Snake:4)
  2 cane toads
  A merfolk (Shoals:1)
  A wind drake (Lair:3)
  A centaur simulacrum (D:14)
  2 wights (D:7)
  An iguana (D:7)
20 creatures vanquished.

Vanquished Creatures (others)
  A wizard (Volcano)
  28 fungi
  87 plants
  7 tentacles (Shoals:4)
123 creatures vanquished.

Grand Total: 1532 creatures vanquished

Notes
Turn   | Place    | Note
-------+----------+-------------------------------------------
     0 | D:1      | sokol815 the Minotaur Berserker began the quest for the
                  | Orb.
     0 | D:1      | Reached XP level 1. HP: 19/19 MP: 0/0
    76 | D:1      | Reached skill level 4 in Axes
   142 | D:1      | Reached XP level 2. HP: 26/26 MP: 1/1
   203 | D:1      | Found a faded altar of an unknown god.
   665 | D:2      | Reached skill level 5 in Axes
   695 | D:2      | Reached XP level 3. HP: 30/31 MP: 2/2
   718 | D:2      | Reached ** piety under Trog
  1039 | D:2      | Noticed Robin
  1048 | D:2      | HP: 5/31 [Robin/bolt of dispelling energy (16)]
  1050 | D:2      | Killed Robin
  1051 | D:2      | Reached XP level 4. HP: 7/39 MP: 3/3
  1052 | D:2      | Reached skill level 6 in Axes
  1508 | D:2      | You fall into a shaft and drop 1 floor!
  1567 | D:3      | Noticed Sigmund
  1574 | D:3      | Killed Sigmund
  1575 | D:3      | Reached skill level 8 in Axes
  1575 | D:3      | Reached XP level 5. HP: 45/45 MP: 4/4
  1682 | D:3      | Found a white marble altar of Elyvilon.
  1690 | D:3      | Reached XP level 6. HP: 51/51 MP: 5/5
  1839 | D:3      | Found an opulent altar of Gozag.
  2117 | D:3      | Identified a scroll of acquirement
  2117 | D:3      | Acquired a +0 broad axe of freezing
  2385 | D:3      | Found a runed translucent door.
  2386 | D:3      | Noticed Crazy Yiuf
  2392 | D:3      | Killed Crazy Yiuf
  2533 | D:4      | Reached skill level 9 in Axes
  2580 | D:4      | Reached XP level 7. HP: 42/57 MP: 6/6
  2611 | D:4      | Found a glowing drain.
  2620 | Sewer    | Entered a sewer
  2712 | Sewer    | Reached *** piety under Trog
  2878 | Sewer    | Reached skill level 10 in Axes
  3157 | D:4      | Found a runed translucent gate.
  3157 | D:4      | Noticed holysushi's ghost (amateur OpMo)
  3158 | D:4      | Found a runed translucent gate.
  3159 | D:4      | Identified the +2 short sword of Woe {heavy, rC+}
  3160 | D:4      | Found a runed translucent gate.
  3642 | D:5      | Entered Level 5 of the Dungeon
  3669 | D:5      | Reached skill level 11 in Axes
  3670 | D:5      | Reached **** piety under Trog
  3687 | D:5      | Noticed Menkaure
  3692 | D:5      | Noticed Dowan
  3693 | D:5      | Noticed Duvessa
  3695 | D:5      | Killed Menkaure
  3696 | D:5      | Reached XP level 8. HP: 60/64 MP: 7/7
  3700 | D:5      | Killed Duvessa
  3701 | D:5      | Reached skill level 12 in Axes
  3702 | D:5      | Killed Dowan
  3702 | D:5      | Noticed Eustachio
  3765 | D:5      | Found a bloodstained altar of Trog.
  3809 | D:5      | Noticed Prince Ribbit
  3821 | D:5      | Killed Prince Ribbit
  3822 | D:5      | Reached skill level 13 in Axes
  3880 | D:5      | Gained mutation: You expend magic power (3 MP) to
                  | strengthen your wands. [potion of mutation]
  3880 | D:5      | Gained mutation: Your muscles are strong. (Str +4, Int/Dex
                  | -1) [potion of mutation]
  3880 | D:5      | Gained mutation: You have sharp toenails. [potion of
                  | mutation]
  3918 | D:5      | Reached skill level 14 in Axes
  3920 | D:5      | Reached XP level 9. HP: 70/70 MP: 8/8
  3927 | D:5      | Reached skill level 15 in Axes
  4032 | D:5      | Found a shadowy altar of Dithmenos.
  4278 | D:5      | Killed Eustachio
  4350 | D:5      | Found a staircase to the Ecumenical Temple.
  4542 | D:6      | Found a sand-covered staircase.
  4547 | Ossuary  | Entered an ossuary
  4577 | Ossuary  | Reached skill level 16 in Axes
  4793 | Ossuary  | Reached ***** piety under Trog
  5293 | D:6      | Reached skill level 17 in Axes
  5433 | D:6      | Noticed Pikel
  5438 | D:6      | Killed Pikel
  5439 | D:6      | Reached XP level 10. HP: 77/77 MP: 9/9
  5789 | D:6      | Found a glowing golden altar of the Shining One.
  5789 | D:6      | Found a shimmering altar of Xom.
  6092 | D:7      | Reached skill level 1 in Evocations
  6291 | D:7      | Reached skill level 2 in Evocations
  6351 | D:7      | Found a stormy altar of Qazlal.
  6895 | D:7      | Reached skill level 18 in Axes
  7033 | D:8      | Reached skill level 4 in Fighting
  7035 | D:8      | Reached skill level 3 in Armour
  7103 | D:8      | Identified the ring of Baantaaw {rF+ Will++ Str+3 Int+6}
  7261 | D:8      | Reached skill level 4 in Armour
  7420 | D:8      | Reached skill level 5 in Fighting
  7477 | D:8      | Found a runed translucent door.
  7480 | D:8      | Found a runed translucent door.
  7529 | D:8      | Reached skill level 3 in Dodging
  7906 | D:9      | Noticed Psyche
  7910 | D:9      | Reached skill level 5 in Armour
  7913 | D:9      | Reached skill level 6 in Fighting
  7913 | D:9      | Reached skill level 4 in Dodging
  7922 | D:9      | Killed Psyche
  7979 | D:9      | Reached XP level 11. HP: 58/89 MP: 6/10
  8221 | D:9      | Found a sacrificial altar of Ru.
  8507 | D:9      | Found a staircase to the Orcish Mines.
  8701 | D:10     | Entered Level 10 of the Dungeon
  8701 | D:10     | Found Qupastry Gedy's General Store.
  8705 | D:10     | Reached skill level 3 in Evocations
  8708 | D:10     | Reached skill level 6 in Armour
  8778 | D:10     | Bought a scroll of enchant weapon for 105 gold pieces
  8781 | D:10     | Bought a +2 pair of boots for 231 gold pieces
  8872 | D:10     | Noticed a green ugly thing
  8874 | D:10     | Found a one-way gate to the infinite horrors of the Abyss.
  8874 | D:10     | Identified the +10 dagger of Imbalance {distort, rC+ rCorr
                  | Str+2}
  8874 | D:10     | Identified the +0 robe "Jeidul" {Harm rN+ Dex+4 Slay-5}
  8922 | D:10     | Reached skill level 5 in Dodging
  8966 | D:10     | Noticed Erica
  8976 | D:10     | Killed Erica
  8977 | D:10     | Reached skill level 7 in Fighting
  8977 | D:10     | Reached skill level 4 in Evocations
  8984 | D:10     | Found a staircase to the Lair.
  9076 | D:10     | Found an iron altar of Okawaru.
  9258 | D:10     | Found a burning altar of Makhleb.
  9473 | D:10     | Found a large runed translucent door.
  9474 | D:10     | Found a large runed translucent door.
  9474 | D:10     | Found a corrupted altar of Lugonu.
  9822 | Lair:1   | Entered Level 1 of the Lair of Beasts
 10314 | Lair:1   | Reached skill level 7 in Armour
 10316 | Lair:1   | Reached skill level 5 in Evocations
 10329 | Lair:1   | Reached skill level 6 in Dodging
 10767 | Lair:1   | Noticed a catoblepas
 10776 | Lair:1   | Killed a catoblepas
 11076 | Lair:2   | Found a staircase to the Snake Pit.
 11084 | Lair:2   | Reached skill level 8 in Fighting
 11181 | Lair:2   | Received a gift from Trog
 11182 | Lair:2   | Reached skill level 6 in Evocations
 11217 | Lair:2   | Noticed Urug
 11221 | Lair:2   | Killed Urug
 11222 | Lair:2   | Reached XP level 12. HP: 103/103 MP: 11/11
 11338 | Lair:2   | Noticed a seven-headed hydra
 11340 | Lair:2   | Noticed a boulder beetle
 11344 | Lair:2   | HP: 23/103 [six-headed hydra (7)]
 11346 | Lair:2   | Killed a seven-headed hydra
 11347 | Lair:2   | Reached skill level 8 in Armour
 11352 | Lair:2   | Killed a boulder beetle
 11497 | Lair:2   | Reached skill level 7 in Dodging
 11506 | Lair:2   | Reached skill level 7 in Evocations
 11716 | Lair:2   | Reached skill level 9 in Fighting
 12012 | Lair:3   | Noticed a five-headed hydra
 12018 | Lair:3   | Killed a five-headed hydra
 12025 | Lair:3   | Found a staircase to the Shoals.
 12083 | Lair:3   | Found a dark tunnel.
 12100 | Volcano  | Entered a volcano
 12120 | Volcano  | Reached skill level 9 in Armour
 12136 | Volcano  | Reached skill level 8 in Evocations
 12180 | Volcano  | Reached skill level 8 in Dodging
 12256 | Volcano  | Identified the +0 pair of gloves of Houtucru {rElec Will-
                  | Str+7 SInv}
 12703 | Lair:3   | Reached skill level 10 in Fighting
 12794 | Lair:3   | Noticed a catoblepas
 12804 | Lair:3   | Reached XP level 13. HP: 113/113 MP: 12/12
 12806 | Lair:3   | Reached skill level 9 in Evocations
 13074 | Lair:3   | Reached skill level 10 in Armour
 13730 | Lair:4   | Noticed Kirke
 13746 | Lair:4   | Killed Kirke
 13747 | Lair:4   | Reached skill level 9 in Dodging
 13906 | Lair:4   | Reached skill level 10 in Evocations
 13917 | Lair:4   | Reached skill level 11 in Fighting
 14136 | Lair:4   | Reached skill level 11 in Armour
 14698 | Lair:4   | Reached skill level 10 in Dodging
 14786 | Lair:5   | Entered Level 5 of the Lair of Beasts
 14863 | Lair:5   | HP: 19/117 [komodo dragon (18)]
 14868 | Lair:5   | HP: 13/175 [death yak (15)]
 15096 | Lair:5   | Reached skill level 12 in Fighting
 15187 | Lair:5   | Found a viscous altar of Jiyva.
 15187 | Lair:5   | Found a staircase to the Slime Pits.
 15199 | Lair:5   | Reached skill level 12 in Armour
 15205 | Lair:5   | HP: 29/118 [eight-headed hydra (5)]
 15207 | Lair:5   | Reached XP level 14. HP: 23/127 MP: 13/13
 15858 | Lair:5   | Noticed Snorg
 15863 | Lair:5   | Killed Snorg
 15865 | Lair:5   | Reached skill level 13 in Fighting
 16022 | Lair:5   | Reached skill level 13 in Armour
 16599 | Lair:5   | Reached skill level 14 in Fighting
 16820 | Lair:5   | Reached skill level 14 in Armour
 16820 | Lair:5   | Found the +11 plutonium sword {Contam Stlth-}
 17759 | D:12     | Noticed Lodul
 17769 | D:12     | Killed Lodul
 17865 | D:12     | Found Hidduh's Elemental Accessories.
 18507 | D:12     | Reached skill level 15 in Fighting
 18812 | D:13     | Reached skill level 15 in Armour
 19098 | D:13     | Reached XP level 15. HP: 138/141 MP: 14/14
 19182 | D:13     | Reached skill level 11 in Evocations
 19641 | D:13     | Found Xanirapo's CLEARANCE SALE!.
 19712 | D:13     | Noticed Frances
 19717 | D:13     | Killed Frances
 19717 | D:13     | Received a gift from Trog
 19961 | Orc:1    | Entered Level 1 of the Orcish Mines
 20101 | Orc:2    | Entered Level 2 of the Orcish Mines
 20355 | Orc:2    | Found Dodauf's Overcharged Wands.
 20355 | Orc:2    | Noticed Sonja
 20377 | Orc:2    | Killed Sonja
 20378 | Orc:2    | Reached skill level 12 in Evocations
 20743 | Orc:2    | Found Tofom's Armour Shop.
 20743 | Orc:2    | Found Vota's Book Emporium.
 20745 | Orc:2    | Reached skill level 13 in Evocations
 20748 | Orc:2    | Found Biupniung's Armour Shoppe.
 20748 | Orc:2    | Found Ehopho's Antique Weapon Shop.
 20754 | Orc:2    | Received a gift from Trog
 21001 | Orc:2    | Bought the +0 pair of gloves of the Thoughtful Suns {rPois
                  | Regen+} for 266 gold pieces
 21001 | Orc:2    | Bought a +2 hat of willpower for 357 gold pieces
 21023 | Orc:2    | Bought a glowing war axe for 188 gold pieces
 21023 | Orc:2    | Bought a runed war axe for 188 gold pieces
 21023 | Orc:2    | Bought a runed war axe for 188 gold pieces
 21081 | Orc:2    | Found a staircase to the Elven Halls.
 21280 | Orc:1    | Identified the +3 chain mail of the Moon Troll {rF+ Will++
                  | SInv}
 21322 | Orc:1    | Reached skill level 14 in Evocations
 21649 | D:14     | Found Vullysk's Weapon Shoppe.
 21676 | D:14     | Found Ocafash's Book Shoppe.
 21972 | D:14     | Found the ring of the Mage {Wiz Archmagi}
 21987 | D:14     | Reached skill level 1 in Shields
 22100 | D:14     | Reached skill level 2 in Shields
 22130 | D:14     | Reached skill level 3 in Shields
 22269 | D:14     | Reached skill level 4 in Shields
 22271 | D:14     | Reached XP level 16. HP: 149/149 MP: 15/15
 22328 | D:13     | Received a gift from Trog
 22329 | D:13     | Reached skill level 5 in Shields
 22452 | D:14     | Reached skill level 6 in Shields
 22582 | D:14     | Found a gate to the Vaults.
 22671 | D:14     | Found a transporter.
 22672 | D:14     | Noticed Jocum's ghost (journeyman MiFi)
 22683 | D:14     | Found a transporter.
 22754 | D:14     | Found Loilejuy's Assorted Antiques.
 22760 | D:14     | Bought a dark potion for 36 gold pieces
 22797 | D:15     | Entered Level 15 of the Dungeon
 22927 | D:15     | Reached skill level 7 in Shields
 23420 | D:15     | Reached skill level 8 in Shields
 23589 | D:15     | Reached ****** piety under Trog
 23590 | D:15     | Reached skill level 15 in Evocations
 23597 | D:15     | Reached skill level 9 in Shields
 23597 | D:15     | Received a gift from Trog
 23976 | D:15     | Found a staircase to the Depths.
 24254 | Shoals:1 | Entered Level 1 of the Shoals
 24357 | Shoals:1 | Noticed Josephine
 24375 | Shoals:1 | Killed Josephine
 24375 | Shoals:1 | HP: 53/223 [merfolk/+1 trident of protection (10)]
 24390 | Shoals:1 | HP: 36/149 [merfolk impaler/+5 trident of distortion (21)]
 25858 | Shoals:2 | Reached skill level 16 in Fighting
 26015 | Shoals:2 | Reached skill level 19 in Axes
 26808 | Shoals:3 | Noticed Polyphemus
 26823 | Shoals:3 | Received a gift from Trog
 26829 | Shoals:3 | Reached XP level 17. HP: 94/160 MP: 2/16
 26836 | Shoals:3 | Killed Polyphemus
 27309 | Shoals:3 | Reached skill level 17 in Fighting
 27808 | Shoals:4 | Entered Level 4 of the Shoals
 28596 | Shoals:4 | Reached skill level 18 in Fighting
 28600 | Shoals:4 | Received a gift from Trog
 28650 | Shoals:4 | Noticed a kraken
 28660 | Shoals:4 | Killed a kraken
 28671 | Shoals:4 | HP: 56/247 [merfolk impaler/+1 trident of flaming (10)]
 28765 | Shoals:4 | Got a barnacled rune of Zot
 28876 | Shoals:4 | Reached skill level 20 in Axes
 29437 | Vaults:1 | Entered Level 1 of the Vaults
 29499 | Vaults:1 | Reached skill level 19 in Fighting
 29594 | Vaults:1 | Received a gift from Trog
 29602 | Vaults:1 | HP: 63/252 [vault warden/+1 great sword of holy wrath (14)]
 29917 | Vaults:1 | Reached skill level 20 in Fighting
 30373 | Vaults:1 | Reached XP level 18. HP: 155/180 MP: 17/17
 30547 | Vaults:1 | Received a gift from Trog
 30644 | Vaults:1 | Reached skill level 21 in Fighting
 31606 | Vaults:1 | Reached skill level 10 in Shields
 31837 | Vaults:2 | Received a gift from Trog
 31838 | Vaults:2 | Reached skill level 22 in Fighting
 32029 | Vaults:2 | Reached skill level 11 in Shields
 32361 | Vaults:2 | Found a staircase to the Crypt.
 32902 | Vaults:2 | Reached skill level 12 in Shields
 33954 | Vaults:3 | Noticed Xtahua
 34358 | Vaults:3 | Reached skill level 23 in Fighting
 34494 | Vaults:3 | Received a gift from Trog
 34497 | Vaults:3 | Reached skill level 13 in Shields
 34537 | Vaults:3 | Reached XP level 19. HP: 184/195 MP: 18/18
 34584 | Vaults:3 | Identified the +1 scale mail of Wariness {Rampage rC- Str-4
                  | Dex+8}
 34947 | Vaults:3 | Killed Xtahua
 35546 | Vaults:4 | Noticed a dread lich
 35554 | Vaults:4 | Killed a dread lich
 35555 | Vaults:4 | Reached skill level 14 in Shields
 35629 | Vaults:4 | Found a flickering gateway to a bazaar.
 35655 | Bazaar   | Entered a bazaar
 35657 | Bazaar   | Found Tani's Armour Boutique.
 35661 | Bazaar   | Found Ydwapeomn's General Store.
 35661 | Bazaar   | Found Sipseewn's Antique Armour Boutique.
 35662 | Bazaar   | Found Xiyhog's Magic Scroll Boutique.
 35692 | Bazaar   | Bought the +3 pair of gauntlets of War {Slay+5} for 1520
                  | gold pieces
 35692 | Bazaar   | Found the +3 pair of gauntlets of War {Slay+5}
 35794 | Vaults:4 | Received a gift from Trog
 36611 | Vaults:4 | Reached skill level 24 in Fighting
 36630 | Vaults:4 | Reached skill level 15 in Shields
 37221 | Vaults:4 | Received a gift from Trog
 37654 | Snake:1  | Entered Level 1 of the Snake Pit
 37796 | Snake:1  | Found a frozen archway.
 37900 | IceCv    | Entered an ice cave
 38031 | IceCv    | Reached skill level 25 in Fighting
 38425 | Snake:1  | Noticed Aizul
 38436 | Snake:1  | Killed Aizul
 39235 | Snake:2  | Found Xiruxiy's Book Boutique.
 39235 | Snake:2  | Found Xyqathri's General Store.
 39245 | Snake:2  | Received a gift from Trog
 39335 | Snake:2  | Reached XP level 20. HP: 212/212 MP: 19/19
 39423 | Snake:2  | Identified the +9 war axe of the Usurping Saviour {spect,
                  | rPois}
 40005 | Snake:3  | Reached skill level 26 in Fighting
 40042 | Snake:3  | Noticed Saint Roka
 40062 | Snake:3  | Killed Saint Roka
 40651 | Snake:4  | Entered Level 4 of the Snake Pit
 40782 | Snake:4  | Received a gift from Trog
 41143 | Snake:4  | HP: 47/215 [naga warrior/+0 trident (13)]
 41145 | Snake:4  | Reached skill level 27 in Fighting
 41148 | Snake:4  | HP: 48/216 [poisoned by a naga mage (bolt of poison)]
 41169 | Snake:4  | HP: 48/216 [sea snake (10)]
 41174 | Snake:4  | HP: 35/216 [shock serpent/bolt of electricity (6)]
 41562 | Snake:4  | Identified the +2 quarterstaff of Valiance {flame, rCorr}
 41609 | Snake:4  | Received a gift from Trog
 41673 | Snake:4  | Reached skill level 16 in Armour
 41969 | Snake:4  | Got a serpentine rune of Zot
 42168 | Snake:4  | Acquired a manual of Evocations
 42705 | Vaults:5 | Entered Level 5 of the Vaults
 42710 | Vaults:5 | Received a gift from Trog
 42712 | Vaults:5 | Reached skill level 16 in Evocations
 42726 | Vaults:5 | Noticed an ancient lich
 42731 | Vaults:5 | HP: 51/216 [tengu reaver/bolt of poison (8)]
 42735 | Vaults:5 | HP: 9/216 [tengu reaver/bolt of cold (39)]
 42740 | Vaults:5 | HP: 33/216 [tengu reaver/+5 war axe of freezing (13)]
 42815 | Vaults:5 | HP: 50/216 [titan/bolt of lightning (13)]
 42818 | Vaults:5 | HP: 4/216 [tengu reaver/bolt of acid (29)]
 42819 | Vaults:5 | Killed from afar by a tengu reaver

Illustrated notes

Levels and vault maps discovered:
D:1:      minmay_arrival_hallway, layout_basic,
          hellmonk_ecumenical_altar_leap_of_faith
D:2:      kennysheep_the_goblin_king, layout_basic, uniq_robin
D:3:      layout_loops_ring, mainiacjoe_overflow_alcove_1,
          mainiacjoe_overflow_cross_hatched, uniq_sigmund,
          uniq_crazy_yiuf_cottage
D:4:      layout_basic, gup_sewer_entry_bubbles, biasface_ghost_orc_armoury,
          minmay_misc_feat_rugged
D:5:      layout_gridville, trog_ov_bears_minmay, lemuel_coloured_pillars_altar,
          minmay_temple_entry_enclosed_plants, uniq_prince_ribbit1,
          uniq_menkaure, uniq_duvessa, uniq_eustachio
D:6:      layout_loops_corners, nicolae_overflow_two_pavilions, enter_ossuary_2,
          kennysheep_another_room, grunt_decor_resistance, uniq_pikel
D:7:      layout_loops_corners, mainiacjoe_overflow_paths, nrook_mini_backslash
D:8:      lemuel_insect_pit, layout_basic
D:9:      layout_stronghold, mainiacjoe_overflow_alcove_4, orc_0_dummy,
          uniq_psyche
D:10:     due_chaos_kobolds, layout_loops_corners, kennysheep_okawaru_gauntlet,
          mainiacjoe_overflow_small_starburst, grunt_lair_entry_orc_guard_hut,
          nicolae_stop_n_shop_1, uniq_erica
D:11:     layout_basic, nrook_uturn
D:12:     layout_gridville, nicolae_elemental_shop, uniq_lodul
D:13:     evilmike_horseshoe, layout_basic, nicolae_shop_clearance, uniq_frances
D:14:     minmay_slanted_spiral_squares, layout_loops_ring,
          skrybe_vaults_entry_preservation, gammafunk_ghost_arena, serial_shops,
          shop, shop, nicolae_diamond_shop
D:15:     hangedman_depths_entry_try_elsewhere_first, layout_small_grid,
          nicolae_concentric_dashed_squares_mild
Lair:1:   layout_small_grid, special_room [special_room_bee],
          cheibrodos_lair_caveside_slide, grunt_megastairs_3
Lair:2:   layout_gridlike, dummy_snake_entry, uniq_urug
Lair:3:   layout_gridlike, minmay_shoals_entry_beasts,
          nicolae_volcano_entry_hallway, hangedman_lair_generics_rect
Lair:4:   layout_loops_ring, infiniplex_staircase_pool_2, uniq_kirke
Lair:5:   hangedman_lair_in_review, layout_loops_ring, guppyfry_lair_end_dragon,
          slime_entry_1, uniq_snorg
Shoals:1: layout_shoals, nicolae_shoals_cliffside_cave, dpeg_stationary_puzzle,
          uniq_josephine
Shoals:2: layout_shoals, nicolae_shoals_lost_giant_amphitheater
Shoals:3: layout_shoals, uniq_polyphemus
Shoals:4: shoals_end_hangedman, layout_shoals
Snake:1:  layout_grid_maze, portal_ice_cave_entry_ice_statue_two,
          hangedman_snake_corridor_split, uniq_aizul
Snake:2:  layout_misc_corridors, minmay_shoptagon, nicolae_triple_integral
Snake:3:  layout_cave_town, serial_bayou_shore_b, lemuel_fruit_tree,
          uniq_saint_roka
Snake:4:  grunt_snake_rune_pools, layout_cave_town, grunt_megastairs_4
Orc:1:    layout_diamond_mine, basic_altar, elf_legates
Orc:2:    st_orc_ogre_mass, layout_caves, nicolae_shop_overcharged_wands,
          uniq_sonja
Vaults:1: v_rooms_2, v_alt_pattern_2, hangedman_vaults_slither,
          vaults_dpeg_emergency_exit, nicolae_vaults_ring_of_whatevers,
          vaults_room_door_hall, nicolae_vaults_rhombus_7,
          vaults_room_glass_cross, vaults_dpeg_hooks,
          nicolae_vaults_mini_display_case, vaults_room_semicircle,
          layout_vaults_omnicross
Vaults:2: v_misc_16, nicolae_vaults_ninety_degrees,
          minmay_crypt_entry_simple_walls, ontoclasm_vaults_tryst,
          nicolae_vaults_little_squares_5, vaults_room_pool,
          nicolae_vaults_theta, v_misc_1, vaults_dpeg_encased_lava,
          layout_vaults_omnigrid
Vaults:3: hangedman_vaults_cutoff, vaults_room_octagon, grunt_vaults_funnel,
          grunt_vaults_swirl, nicolae_vaults_big_angled_halls,
          ontoclasm_vaults_gallery, ontoclasm_vaults_spin,
          layout_vaults_chaotic_city, uniq_xtahua
Vaults:4: vaults_room_stairs_pillars, vaults_room_hallway,
          nicolae_vaults_circle_grid_a, grunt_vaults_trifunnel,
          nicolae_vaults_network_star, ontoclasm_vaults_ligature, v_misc_15,
          vaults_room_fours, nicolae_vaults_what_the_h,
          nicolae_vaults_network_periphery, vaults_room_pool, v_misc_15,
          hangedman_vaults_trim, grunt_vaults_focal, layout_vaults_ring,
          serial_shops, bzr_entry_safe
Vaults:5

Skill      XL: |  1  2  3  4  5  6  7  8  9 10 11 12 13 14 15 16 17 18 19 20 |
---------------+-------------------------------------------------------------+-----
Axes           | 4 5 8 9 11 14 17 18 19 20 | 20.0
Evocations     | 2 6 8 10 14 15 16 | 16.2
Fighting       | 6 8 10 12 15 16 20 23 25 27 | 27.0
Armour         | 5 7 9 12 15 16 | 16.7
Dodging        | 4 6 8 10 | 10.0
Shields        | 4 9 13 15 | 15.0

Action                   |  1- 3 |  4- 6 |  7- 9 | 10-12 | 13-15 | 16-18 | 19-21 || total
-------------------------+-------+-------+-------+-------+-------+-------+-------++-------
Melee: Hand axe          |    79 |    48 |       |       |       |       |       ||   127
       Headbutt          |     8 |    15 |    22 |    32 |   122 |   242 |   187 ||   628
       Broad axe         |       |    27 |   207 |   305 |   546 |   861 |   461 ||  2407
       Kick              |       |       |    28 |    19 |       |       |       ||    47
       Spear             |       |       |       |     3 |       |       |       ||     3
       Scimitar          |       |       |       |     2 |     5 |       |       ||     7
       Punch             |       |       |       |       |     5 |       |       ||     5
       Battleaxe         |       |       |       |       |       |    92 |       ||    92
       War axe           |       |       |       |       |       |       |   219 ||   219
Throw: Stone             |     1 |    11 |       |       |       |       |       ||    12
       Javelin           |       |     3 |       |       |       |       |       ||     3
Invok: Berserk           |     2 |     2 |     6 |    10 |    10 |    13 |     8 ||    51
       Trog's Hand       |       |     3 |     3 |     4 |     5 |     4 |     8 ||    27
       Brothers in Arms  |       |       |       |     5 |    10 |     1 |     1 ||    17
Evoke: Wand              |       |       |       |     1 |     8 |    13 |       ||    22
  Use: Scroll            |     4 |     5 |    12 |    11 |     3 |     5 |     8 ||    48
       Potion            |       |       |     1 |     1 |       |     2 |     6 ||    10
 Stab: Petrified         |       |       |       |     1 |       |     9 |       ||    10
       Distracted        |       |       |       |       |       |       |     5 ||     5
Armor: Animal skin       |    10 |     1 |       |       |       |       |       ||    11
       Chain mail        |       |    33 |   137 |    83 |    41 |   506 |   230 ||  1030
       Plate armour      |       |       |       |   112 |   348 |       |       ||   460
       Scale mail        |       |       |       |       |       |       |    14 ||    14
Dodge: Dodged            |    40 |    39 |   112 |   144 |   333 |   366 |   172 ||  1206
Block: Kite shield       |       |       |       |       |    14 |   403 |   388 ||   805

Table legend: (Time is in decaauts)
 A = Elapsed time spent in this place.
 B = Non-inter-level travel time spent in this place.
 C = Inter-level travel time spent in this place.
 D = Time resting spent in this place.
 E = Time spent auto-exploring this place.
 F = Levels seen in this place.
 G = Mean time per level.
                   A        B        C        D        E       F      G
               +--------+--------+--------+--------+--------+-----+--------+
         Total |  43208 |  40700 |   2508 |   7472 |  26615 |  40 | 1080.2 |
       Dungeon |  15024 |  13881 |   1143 |   2021 |   9915 |  15 | 1001.6 |
          Lair |   7427 |   6989 |    438 |   1715 |   4363 |   5 | 1485.4 |
        Shoals |   4914 |   4781 |    133 |   1130 |   2922 |   4 | 1228.5 |
     Snake Pit |   4221 |   4032 |    189 |    689 |   2514 |   4 | 1055.2 |
  Orcish Mines |   1577 |   1464 |    113 |    531 |    668 |   2 |  788.5 |
        Vaults |   8294 |   7805 |    489 |    973 |   5644 |   5 | 1658.8 |
        Bazaar |     56 |     56 |      0 |      0 |     27 |   1 |   56.0 |
         Sewer |    481 |    481 |      0 |     69 |    185 |   1 |  481.0 |
       Ossuary |    319 |    319 |      0 |      0 |    163 |   1 |  319.0 |
      Ice Cave |    484 |    484 |      0 |    319 |     27 |   1 |  484.0 |
       Volcano |    408 |    408 |      0 |     22 |    183 |   1 |  408.0 |
               +--------+--------+--------+--------+--------+-----+--------+

Top non-repeatable levels by time:
Vaults:1: 2390 daAuts
Vaults:2: 2224 daAuts
  Lair:5: 2181 daAuts
Vaults:4: 1843 daAuts
  Lair:3: 1841 daAuts
Vaults:3: 1729 daAuts
Shoals:1: 1415 daAuts
  Lair:1: 1409 daAuts
 Snake:4: 1376 daAuts
Shoals:4: 1358 daAuts
    D:10: 1313 daAuts
    D:13: 1249 daAuts
    D:15: 1220 daAuts
     D:6: 1128 daAuts
    D:14: 1124 daAuts

Table legend:
 A = Kills in this place as a percentage of kills in entire the game.
 B = Kills by you in this place as a percentage of kills by you in the entire game.
 C = Kills by friends in this place as a percentage of kills by friends in the entire game.
 D = Other kills in this place as a percentage of other kills in the entire game.
 E = Experience gained in this place as a percentage of experience gained in the entire game.
 F = Experience gained in this place divided by the number of levels of this place that you have seen.
                   A       B       C       D       E      F
               +-------+-------+-------+-------+-------+----------------------
         Total | 100.0 | 100.0 | 100.0 | 100.0 | 100.0 | 14087.9
       Dungeon |  27.3 |  27.5 |  20.0 |   0.0 |  14.9 | 5600.5
          Lair |  14.6 |  14.1 |  55.0 |   0.0 |  11.9 | 13403.2
        Shoals |   9.4 |   9.3 |  15.0 |   0.0 |  12.3 | 17346.8
     Snake Pit |  13.1 |  13.1 |  10.0 |   0.0 |  16.4 | 23062.8
  Orcish Mines |   8.0 |   8.1 |   0.0 |   0.0 |   5.2 | 14675.5
        Vaults |  19.7 |  20.0 |   0.0 |   0.0 |  36.4 | 41022.6
         Sewer |   3.5 |   3.5 |   0.0 |   0.0 |   0.1 | 313.0
       Ossuary |   2.0 |   2.0 |   0.0 |   0.0 |   0.2 | 956.0
      Ice Cave |   1.7 |   1.7 |   0.0 |   0.0 |   1.6 | 8914.0
       Volcano |   0.8 |   0.7 |   0.0 | 100.0 |   1.1 | 6209.0
               +-------+-------+-------+-------+-------+----------------------
